 Dungeon Crawl Stone Soup version 0.30-a0-743-gbfdf073431 (webtiles) character file.

Game seed: 14943970613777972621

137 Aneyh the Poker (level 5, -3/34 HPs)
             Began as a Tengu Monk on Feb 8, 2023.
             Slain by an ogre
             ... wielding a +0 giant club
              (36 damage)
             ... on level 3 of the Dungeon.
             The game lasted 00:02:59 (2352 turns).

Aneyh the Poker (Tengu Monk)                        Turns: 2352, Time: 00:03:00

Health: -3/34      AC:  2    Str: 11    XL:     5   Next: 20%
Magic:  6/6        EV: 16    Int: 10    God:
Gold:   109        SH:  0    Dex: 19    Spells: 4/4 levels left

rFire   . . .      SeeInvis .    a - +0 spear
rCold   . . .      Faith    .    (no shield)
rNeg    . . .      Spirit   .    b - +0 robe
rPois   .          Reflect  .    (helmet restricted)
rElec   .          Harm     .    (no cloak)
rCorr   .          Rampage  .    (no gloves)
Will    .....                    (boots unavailable)
Stlth   ++                       (no amulet)
HPRegen 0.25/turn                (no ring)
MPRegen 0.10/turn                (no ring)

@: flying quickly and evasively, quick
A: beak, talons 3, nimble flight
a: no special abilities


You were on level 3 of the Dungeon.
You visited 1 branch of the dungeon, and saw 3 of its levels.

You collected 109 gold pieces.

Inventory:

Hand Weapons
 a - a +0 spear (weapon)
 n - a +0 dagger of flaming
Armour
 b - a +0 robe (worn)
Jewellery
 d - a ring of willpower
 l - a ring of protection from fire
 v - a +5 ring of evasion
 x - a ring of see invisible
Scrolls
 f - 2 scrolls of enchant weapon {unknown}
 i - 2 scrolls of enchant armour {unknown}
 j - 3 scrolls of identify {unknown}
 m - a scroll of fog {unknown}
 t - a scroll of vulnerability {unknown}
 u - 3 scrolls of teleportation {unknown}
 y - a scroll of fear {unknown}
Potions
 c - a potion of ambrosia
 e - a potion of mutation {unknown}
 g - 2 potions of curing {unknown}
 h - 2 potions of magic {unknown}
 k - 2 potions of brilliance {unknown}
 o - 2 potions of haste {unknown}
 p - 2 potions of might {unknown}
 q - a potion of attraction {unknown}
 r - a potion of resistance {unknown}
 s - a potion of flight {unknown}
 w - a potion of cancellation {unknown}


   Skills:
 * Level 4.6 Fighting
 - Level 5.0 Polearms
 - Level 3.2 Dodging
 - Level 2.0 Stealth


You had 4 spell levels left.
You didn't know any spells.
Your spell library contained the following spells:

 Spells                   Type           Power      Damage    Failure   Level
 Beastly Appendage        Tmut           0%         N/A       36%         1


Dungeon Overview and Level Annotations

Branches:
Dungeon (3/15)

Altars:

Shops:
D:1 *==*


Innate Abilities, Weirdness & Mutations

You have a beak for a mouth.
You have claws for feet.
Your magical nature lets you fly swiftly and evasively.


Message History

You feel sick.
You are no longer poisoned.
You see here 2 stones.
j - 2 scrolls labelled QOLABB DEDAZ (gained 1)
j - 3 scrolls labelled QOLABB DEDAZ (gained 1)
g - 2 viscous pink potions (gained 1)
A kobold comes into view. It is wielding a +0 short sword.
A kobold is nearby!
You reach to attack!
The helpless kobold fails to defend itself.
You hit the kobold.
You kill the kobold!
No target in view!
You reach down and open the door.
A kobold and a worm come into view.
There is an open door here.
An ogre, an orc and 2 goblins come into view.
The ogre shouts!
There are monsters nearby!
You completely miss the goblin.
The goblin shouts!
You claw the goblin.
The goblin is moderately wounded.
You hear a shout!
You hit the goblin.
You kill the goblin!
There are monsters nearby!
Things that are here:
a +0 dagger; a +0 sling; a goblin corpse You hit the ogre.
The ogre is lightly wounded.
The ogre closely misses you.
You hit the ogre.
The ogre is lightly wounded.
The goblin hits you with a +0 dagger.
You hit the ogre.
The ogre is heavily wounded.
The ogre hits you with a +0 giant club!!!
Ouch! That really hurt!
You die...

#.# #.# ##.#.
##.### #.# #..#.
#....### ###.#
#.##. ##...##.
.##.# #. #.
#####.. ..#.# #.
#.
....#..#.########.
#.
#..K..#..)......
## ###
#wOg##.####....
#.## #@###.#
....... #..#
#.#...# .......
#..# #.'..##
....... #..#
#.#### .......
###.## #.# ###
..>.... ...## ...
#.# ....... .###
.... #.# .......
># ...#. #.#
.....(† .# #####..
.o#.# ###.###


You could see an ogre, a worm, a goblin and a kobold.

Vanquished Creatures
  5 adders
  2 worms (D:2)
  3 dart slugs
  4 orcs (D:3)
  7 ball pythons
  4 endoplasms
  A giant cockroach (D:3)
  6 hobgoblins
  2 quokkas
  5 bats
  3 frilled lizards
  14 goblins
  11 kobolds
  9 rats
76 creatures vanquished.

Vanquished Creatures (others)
  A fungus (D:1)
  2 plants (D:1)
3 creatures vanquished.

Grand Total: 79 creatures vanquished

Notes
Turn   | Place    | Note
-------+----------+-------------------------------------------
     0 | D:1      | Aneyh the Tengu Monk began the quest for the Orb.
     0 | D:1      | Reached XP level 1. HP: 14/14 MP: 2/2
    33 | D:1      | You fall into a shaft and drop 1 floor!
   151 | D:1      | Reached XP level 2. HP: 18/19 MP: 3/3
   154 | D:1      | Reached skill level 4 in Polearms
   177 | D:1      | Found a faded altar of an unknown god.
   181 | D:1      | Got Plato's Commentary on the Gestalt
   215 | D:1      | Found Moung's Assorted Antiques.
   318 | D:1      | Found Tyxic's Assorted Antiques.
   328 | D:1      | Reached XP level 3. HP: 21/23 MP: 4/4
   466 | D:1      | Found Vyoquuto's Jewellery Boutique.
   472 | D:1      | Found Lunn's Jewellery Boutique.
  1107 | D:2      | Reached skill level 5 in Polearms
  1115 | D:2      | Reached XP level 4. HP: 23/28 MP: 5/5
  2138 | D:3      | Gained mutation: Your magical nature lets you fly swiftly
                  | and evasively. [Tengu growth]
  2138 | D:3      | Reached XP level 5. HP: 20/34 MP: 6/6
  2346 | D:3      | Noticed an ogre
  2352 | D:3      | Slain by an ogre

Illustrated notes

Levels and vault maps discovered:
D:1:      wheals_arrival_shading, layout_rooms, serial_shops,
          nicolae_shop_stone, shop_statue,
          nicolae_shop_temple_entry_statues_fountains, shop_statue,
          shapermc_ecumenical_altar_rom_forum, serial_bayou_pond_a
D:2:      kennysheep_the_goblin_king, layout_basic, minmay_goblin_kobold_house
D:3:      minmay_octagon_keep, layout_loops_ring, grunt_decor_arrowhead,
          dreamdust_princess_corridor, minmay_vboxes

Skill      XL: |  1  2  3  4 |
---------------+-------------+-----
Polearms       | 4 5 |  5.0
Fighting       | 4 |  4.6
Dodging        | |  3.2
Stealth        | |  2.0

Action                     |  1- 3 |  4- 6 || total
---------------------------+-------+-------++-------
  Melee: Spear             |    86 |   109 ||   195
         Kick              |    17 |    19 ||    36
         Peck              |     7 |    14 ||    21
         Punch             |     1 |       ||     1
   Stab: Sleeping          |     4 |     6 ||    10
         Distracted        |       |     1 ||     1
 Armour: Robe              |     7 |     6 ||    13
  Dodge: Dodged            |    32 |    39 ||    71

Table legend: (Time is in decaauts)
 A = Elapsed time spent in this place.
 B = Non-inter-level travel time spent in this place.
 C = Inter-level travel time spent in this place.
 D = Time resting spent in this place.
 E = Time spent auto-exploring this place.
 F = Levels seen in this place.
 G = Mean time per level.
                   A        B        C        D        E       F      G
               +--------+--------+--------+--------+--------+-----+--------+
         Total |   2318 |   2205 |    113 |    145 |   1673 |   3 |  772.7 |
       Dungeon |   2318 |   2205 |    113 |    145 |   1673 |   3 |  772.7 |
               +--------+--------+--------+--------+--------+-----+--------+

Top non-repeatable levels by time:
     D:2: 1033 daAuts
     D:3: 761 daAuts
     D:1: 523 daAuts
